 Dungeon Crawl Stone Soup version 0.29-a0-847-g24c0ca63c9 (webtiles) character file.

Game seed: 13559626224833157437

834 Malachi the Cudgeller (level 7, -2/61 HPs)
             Began as a Hill Orc Fighter on July 16, 2022.
             Slain by a gnoll sergeant
             ... wielding a +0 spear
              (6 damage)
             ... on level 5 of the Dungeon.
             The game lasted 00:04:32 (5342 turns).

Malachi the Cudgeller (Hill Orc Fighter)            Turns: 5342, Time: 00:04:33

Health: -2/61      AC:  9    Str: 21    XL:     7   Next: 98%
Magic:  7/7        EV:  9    Int:  8    God:
Gold:   305        SH:  4    Dex: 10    Spells: 6/6 levels left

rFire   . . .      SeeInvis .   p - +4 mace "Pecioxte" {elec, Will+}
rCold   . . .      Faith    .   c - +0 buckler
rNeg    . . .      Spirit   .   b - +0 scale mail
rPois   .          Reflect  .   (no helmet)
rElec   .          Harm     .   y - +1 cloak {rCorr}
rCorr   +          Rampage  .   (no gloves)
Will    +....                   (no boots)
Stlth   ..........              (no amulet)
HPRegen 0.20/turn               (no ring)
MPRegen 0.10/turn               (no ring)

@: mighty
A: no striking features
a: no special abilities


You were on level 5 of the Dungeon.
You visited 2 branches of the dungeon, and saw 6 of its levels.

You collected 305 gold pieces.

Inventory:

Hand Weapons
 a - a +0 war axe
 p - the +4 mace "Pecioxte" (weapon) {elec, Will+}
   (You found it on level 3 of the Dungeon)

   It occasionally discharges a powerful burst of electricity upon striking a
   foe.
   Will:      It increases your willpower.
Missiles
 o - 2 silver javelins (quivered)
Armour
 b - a +0 scale mail (worn)
 c - a +0 buckler (worn)
 l - a +1 robe of willpower
 y - a +1 cloak of preservation (worn)
Jewellery
 g - a ring of ice
 v - a ring of poison resistance
Scrolls
 e - a scroll of brand weapon
 f - a scroll of enchant armour
 h - a scroll of teleportation {unknown}
 i - a scroll of fear
 m - a scroll of torment {unknown}
 q - a scroll of immolation {unknown}
 r - a scroll of vulnerability {unknown}
 s - a scroll of amnesia {unknown}
Potions
 j - a potion of curing
 k - a potion of haste {unknown}
 n - a potion of attraction {unknown}
 t - a potion of brilliance {unknown}
 u - 2 potions of mutation {unknown}
 w - a potion of invisibility {unknown}
 x - a potion of heal wounds {unknown}
 z - a potion of magic {unknown}


   Skills:
 - Level 5.4 Fighting
 - Level 4.8(7.7) Axes
 + Level 7.9(8.4) Maces & Flails
 - Level 3.2 Armour
 - Level 3.2 Shields


You had 6 spell levels left.
You didn't know any spells.
Your spell library contained the following spells:

 Spells                   Type           Power      Damage    Failure   Level
 Apportation              Tloc           0%         N/A       83%         1
 Magic Dart               Conj           0%         1d3       83%         1
 Call Imp                 Summ           0%         N/A       93%         2
 Mephitic Cloud           Conj/Pois/Air  0%         N/A       99%         3
 Alistair's Intoxication  Tmut/Pois      0%         N/A       100%        5


Dungeon Overview and Level Annotations

Branches:
Dungeon (5/15)             Temple (1/1) D:4

Altars:
Ashenzari
Cheibriados
Elyvilon
Gozag
Hepliaklqana
Kikubaaqudgha
Makhleb
Okawaru
Qazlal
Ru
Sif Muna
Uskayaw
Vehumet
Wu Jian
Xom
Yredelemnul
Zin

Annotations:
D:3 exclusion: door


Message History

As you read the scroll of fear, it crumbles to dust.
You assume a fearsome visage.
The gnoll sergeant looks frightened!
The gnoll looks frightened! x2
You hear the rapid rusting of a very distant drain.
You see here a +0 spear.
You hear the drain falling apart.
The gnoll shouts!
It was a potion of curing.
You feel better.
The walls and floor vibrate strangely for a moment.
You feel very mighty all of a sudden.
You completely miss the gnoll.
Your attack snaps the gnoll out of its fear.
The gnoll seems to regain its courage.
The gnoll closely misses you.
You closely miss the gnoll. The gnoll hits you but does no damage.
The gnoll hits you from afar with a +0 spear.
You hit the gnoll. Lightning courses through the gnoll!!
You kill the gnoll!
The gnoll hits you from afar with a +0 spear.
* * * LOW HITPOINT WARNING * * *
You block the gnoll's attack. You block the gnoll sergeant's attack.
You see here a +0 club.
You closely miss the gnoll. The gnoll hits you with a +0 spear.
* * * LOW HITPOINT WARNING * * *
You block the gnoll sergeant's attack.
You sock the gnoll!
The gnoll is almost dead.
The gnoll sergeant completely misses you.
The gnoll hits you but does no damage.
You completely miss the gnoll.
The gnoll is almost dead.
The gnoll closely misses you. The gnoll sergeant barely misses you.
You barely miss the gnoll.
The gnoll is almost dead.
You block the gnoll sergeant's attack. The gnoll misses you.
You sock the gnoll! Lightning courses through the gnoll!
You kill the gnoll!
The gnoll sergeant hits you from afar with a +0 spear!
* * * LOW HITPOINT WARNING * * *
The gnoll sergeant hits you with a +0 spear.
You die...

########..# #.# #..# #.#
#... ##.## ## ##'# #... g#
##..† #.)#### .###.... #
#..##.## .##.....
..###.####......##.#......
........)@g.....)).+......
......####.##.).##.#......
..### #.###.###g##.....
#........g###....
#####g##### ##... ##...##
##'# #.#...# #.# ##.#..#
#)# ##.#.# ##.#


You could see a gnoll sergeant.

Vanquished Creatures
  The ghost of capka3m the Ruffian, an amateur TrMo (D:3)
  An ogre (D:5)
  Blork the orc (D:5)
  A scorpion (D:5)
  2 hounds
  2 jellies
  An iguana (D:5)
  2 orc wizards (D:4)
  6 gnolls
  12 adders
  A white imp (D:3)
  3 worms
  13 orcs
  11 endoplasms
  5 giant cockroaches
  5 hobgoblins
  6 jackals (D:5)
  5 kobolds
  3 quokkas
  3 ball pythons
  7 bats
  2 frilled lizards
  5 goblins
  4 rats
102 creatures vanquished.

Notes
Turn   | Place    | Note
-------+----------+-------------------------------------------
     0 | D:1      | Malachi the Hill Orc Fighter began the quest for the Orb.
     0 | D:1      | Reached XP level 1. HP: 19/19 MP: 1/1
   132 | D:1      | Reached XP level 2. HP: 18/27 MP: 2/2
   371 | D:1      | Found a faded altar of an unknown god.
   558 | D:1      | Reached XP level 3. HP: 32/34 MP: 3/3
  1203 | D:2      | Reached XP level 4. HP: 41/41 MP: 4/4
  1345 | D:2      | Reached skill level 5 in Fighting
  1402 | D:2      | Found a glowing silver altar of Zin.
  1815 | D:3      | Identified the +4 mace "Pecioxte" {elec, Will+}
  1869 | D:3      | Found a runed translucent gate.
  1870 | D:3      | Found a runed translucent gate.
  1870 | D:3      | Found a runed translucent gate.
  1871 | D:3      | Found an opulent altar of Gozag.
  1872 | D:3      | Noticed capka3m's ghost (amateur TrMo)
  1920 | D:3      | Found a shimmering blue altar of Sif Muna.
  2061 | D:3      | Reached skill level 1 in Maces & Flails
  2061 | D:3      | Reached XP level 5. HP: 41/48 MP: 5/5
  2815 | D:3      | Reached skill level 2 in Maces & Flails
  2822 | D:3      | Killed capka3m's ghost
  2823 | D:3      | Reached skill level 4 in Maces & Flails
  2823 | D:3      | Reached XP level 6. HP: 14/56 MP: 6/6
  3215 | D:4      | Found a shimmering altar of Xom.
  3253 | D:4      | Reached skill level 5 in Maces & Flails
  3363 | D:4      | Found a staircase to the Ecumenical Temple.
  3386 | Temple   | Entered the Ecumenical Temple
  3715 | D:4      | Reached XP level 7. HP: 56/61 MP: 7/7
  3809 | D:4      | Found a sacrificial altar of Ru.
  4561 | D:5      | Entered Level 5 of the Dungeon
  4591 | D:5      | Reached skill level 6 in Maces & Flails
  4663 | D:5      | Found a glowing silver altar of Zin.
  4681 | D:5      | Noticed Blork the orc
  4688 | D:5      | Killed Blork the orc
  4706 | D:5      | Reached skill level 7 in Maces & Flails
  5342 | D:5      | Slain by a gnoll sergeant

Illustrated notes

Levels and vault maps discovered:
D:1:      lightli_arrival_maybe_door_vault, layout_loops_cross,
          ebering_ecumenical_altar_mist
D:2:      layout_loops_ring, basic_altar, minmay_tripent
D:3:      layout_loops_corners, led_sif_book, ebering_ghost_gozag
D:4:      layout_gridville, mainiacjoe_overflow_alcove_4, hangedman_ru_absence,
          minmay_temple_entry_drinking_statues
D:5:      layout_loops_corners, lemuel_tele_altar, portal_sewer_entry_f,
          serial_bayou_crossing, uniq_menkaure, uniq_blork_the_orc
Temple:   nicolae_temple_bog_church

Skill      XL: |  1  2  3  4  5  6  7 |
---------------+----------------------+-----
Axes           | 3 4 |  4.8
Fighting       | 4 5 |  5.4
Maces & Flails | 1 4 5 7 |  7.9
Armour         | |  3.2
Shields        | |  3.2

Action                   |  1- 3 |  4- 6 |  7- 9 || total
-------------------------+-------+-------+-------++-------
Melee: War axe           |    92 |    43 |       ||   135
       Mace              |       |    78 |    83 ||   161
  Use: Potion            |       |     1 |     2 ||     3
       Scroll            |       |       |     4 ||     4
Armor: Scale mail        |    52 |    41 |    32 ||   125
Dodge: Dodged            |    48 |    59 |    38 ||   145
Block: Buckler           |    29 |    24 |    19 ||    72

Table legend: (Time is in decaauts)
 A = Elapsed time spent in this place.
 B = Non-inter-level travel time spent in this place.
 C = Inter-level travel time spent in this place.
 D = Time resting spent in this place.
 E = Time spent auto-exploring this place.
 F = Levels seen in this place.
 G = Mean time per level.
                   A        B        C        D        E       F      G
               +--------+--------+--------+--------+--------+-----+--------+
         Total |   5425 |   5210 |    215 |      0 |   4460 |   6 |  904.2 |
       Dungeon |   5175 |   4979 |    196 |      0 |   4242 |   5 | 1035.0 |
        Temple |    249 |    230 |     19 |      0 |    218 |   1 |  249.0 |
               +--------+--------+--------+--------+--------+-----+--------+

Top non-repeatable levels by time:
     D:3: 1278 daAuts
     D:4: 1265 daAuts
     D:1: 1014 daAuts
     D:2: 832 daAuts
     D:5: 785 daAuts
  Temple: 249 daAuts
